 Dungeon Crawl Stone Soup version bcrawl-1.19.1 (webtiles) character file.

Game seed: 8842252167197767424

480 Banto the Insei (level 6, -8/47 HPs)
             Began as a Draconian Transmuter on Nov 30, 2019.
             Killed by nerve-wracking pain
             ... invoked by an orc priest
              (13 damage)
             ... on level 4 of the Dungeon.
             The game lasted 00:05:31 (4897 turns).

Banto the Insei (Draconian Transmuter)              Turns: 4897, Time: 00:05:32

Health: -8/47      AC:  2    Str: 12    XL:     6   Next: 86%
Magic:  1/9        EV: 19    Int: 14    God:
Gold:   275        SH:  0    Dex: 18    Spells: 4/9 levels left

rFire    . . .     SeeInvis .     - Unarmed
rCold    . . .     Gourm    .   (shield currently unavailable)
rNeg     . . .     Faith    .   (armour unavailable)
rPois    x         Spirit   .   (helmet currently unavailable)
rElec    .         Reflect  .   (cloak currently unavailable)
rCorr    .         Harm     .   (gloves currently unavailable)
MR       .....                  (boots currently unavailable)
Stlth    ++........             (no amulet)
HPRegen  0.15/turn              (no ring)
MPRegen  0.11/turn              (no ring)

@: spider-form (expiring), very slightly contaminated
A: tiny, unfitting armour, AC +6
a: End Transformation


You were on level 4 of the Dungeon.
You were not hungry.
You were a venomous arachnid creature.
You visited 1 branch of the dungeon, and saw 4 of its levels.

You collected 275 gold pieces.

Inventory:

Missiles
 a - 470 arrows
Armour
 k - a scarf of cloud immunity (melded)
Jewellery
 h - an uncursed ring of ice
 q - an uncursed ring of stealth {unknown}
Wands
 p - a wand of paralysis (7)
Scrolls
 g - 2 scrolls of magic mapping
 j - a scroll of amnesia
 o - a scroll of enchant armour {unknown}
 r - a scroll of remove curse
Potions
 b - 2 potions of flight
 c - a potion of lignification
 e - a potion of brilliance {unknown}
 f - a potion of cancellation {unknown}
 i - a potion of degeneration {unknown}
 l - 2 potions of heal wounds
 m - a potion of might {unknown}
 n - 3 potions of curing {unknown}
Comestibles
 d - 9 rations {!d}


   Skills:
 - Level 1.1 Fighting
 - Level 1.7 Dodging
 + Level 5.9 Unarmed Combat
 - Level 2.0 Spellcasting
 + Level 5.4 Transmutations


You had 4 spell levels left.
You knew the following spells:

 Your Spells              Type           Power        Failure   Level  Hunger
b - Sticks to Snakes      Tmut           ###.....     12%         2    ###....
c - Spider Form           Tmut/Pois      #..          45%         3    ####...

Your spell library contained the following spells:

 Spells                   Type           Power        Failure   Level  Hunger
 Beastly Appendage        Tmut           ###...       10%         1    ##.....
 Ice Form                 Ice/Tmut       #.......     80%         4    #####..
 Blade Hands              Tmut           ###.......   77%         5    ######.


Dungeon Overview and Level Annotations

Branches:
Dungeon (4/12)
 Temple: D:4-7

Altars:
The Shining One

Shops:
D:4 =


Innate Abilities, Weirdness & Mutations

((Your plain brown scales are hard. (AC +6)))
You cannot fit into any form of body armour.
((You are cold-blooded and may be slowed by cold attacks.))


Message History

The orc closely misses you.
The orc wizard points at you and mumbles some strange words.
The magic dart hits you!
You hit the orc.
The orc is poisoned.
The orc is heavily wounded.
The orc priest hits you but does no damage.
The orc hits you with a +0 war axe! The orc completely misses you.
You hit the orc priest.
The orc priest is almost dead.
You kill the orc!
The orc wizard misses you.
The orc priest hits you with a cursed -1 mace.
The orc hits you with a +0 war axe!
* * * LOW HITPOINT WARNING * * *
You hit the orc priest.
You kill the orc priest!
Your transformation is almost over.
The orc priest invokes the aid of Beogh against you.
Pain shoots through your body!
You die...

# ##### ##. ###### #..(.
... ....# ### #.### ..
#.#.# ##.## #.###
.#..#.###.#.####.#.###.##.
.....o..)).......##.##.##.
.....####s.......#........
.^.)....oo..###...####..##
.....#########..'..###..##
. ##..#'#..##.รท..
##..##.##.....##
##..##.8.##....#
#..##.....##...#
#.##..)(...##..#
#.#...#)#...#..##


You could see an orc priest, an orc wizard and an orc.

Vanquished Creatures
  Sigmund (D:2)
  2 crimson imps (D:4)
  An orc priest (D:4)
  A hound (D:4)
  An orc wizard (D:4)
  2 worker ants
  4 adders
  3 worms
  4 dart slugs
  A leopard gecko (D:2)
  5 orcs
  2 ball pythons
  5 bats
  2 giant cockroaches (D:3)
  5 goblins
  6 hobgoblins
  3 jackals (D:3)
  11 kobolds
  A quokka (D:3)
  2 frilled lizards
  4 rats
66 creatures vanquished.

Vanquished Creatures (collateral kills)
  An adder (D:3)
1 creature vanquished.

Grand Total: 67 creatures vanquished

Notes
Turn   | Place    | Note
-------+----------+-------------------------------------------
     0 | D:1      | Banto the Draconian Transmuter began the quest for the Orb.
     0 | D:1      | Reached XP level 1. HP: 16/16 MP: 3/3
   486 | D:1      | Reached XP level 2. HP: 23/23 MP: 5/5
  1120 | D:2      | Learned a level 2 spell: Sticks to Snakes
  1135 | D:2      | Reached XP level 3. HP: 19/28 MP: 3/6
  1252 | D:2      | Learned a level 3 spell: Spider Form
  1930 | D:2      | Noticed Sigmund
  2496 | D:2      | Killed Sigmund
  2496 | D:2      | Reached skill level 5 in Unarmed Combat
  2496 | D:2      | Reached XP level 4. HP: 8/35 MP: 1/7
  2496 | D:2      | Reached XP level 5. HP: 10/40 MP: 1/8
  3403 | D:3      | Reached XP level 6. HP: 43/47 MP: 9/9
  3894 | D:4      | Found a glowing golden altar of the Shining One.
  3918 | D:4      | Found Woimir's Jewellery Boutique.
  4435 | D:4      | Reached skill level 5 in Transmutations
  4897 | D:4      | Killed from afar by an orc priest

Skill      XL: |  1  2  3  4  5  6 |
---------------+-------------------+-----
Transmutations | 3 4 5 |  5.4
Unarmed Combat | 5 |  5.9
Fighting       | |  1.1
Dodging        | |  1.7
Spellcasting   | |  2.0

Action                   |  1- 3 |  4- 6 || total
-------------------------+-------+-------++-------
Melee: Unarmed           |   126 |   176 ||   302
       Tailslap          |    12 |    19 ||    31
       Kick              |     3 |     1 ||     4
       Punch             |     2 |     3 ||     5
       Headbutt          |       |     2 ||     2
 Cast: Sticks to Snakes  |     2 |     2 ||     4
       Beastly Appendage |     1 |     2 ||     3
       Spider Form       |     2 |     2 ||     4
  Use: Scroll            |     5 |     2 ||     7
 Stab: Confused          |     1 |       ||     1
       Distracted        |       |     1 ||     1
  Eat: Chunk             |     3 |     7 ||    10
       Ration            |     1 |       ||     1
Armor: Skin              |    32 |    37 ||    69
Dodge: Dodged            |    85 |   114 ||   199
